 Dungeon Crawl Stone Soup version 0.16-a0-1157-gec61f8e (webtiles) character file.

289 Foahim the Ducker (level 6, -4/46 HPs)
             Began as a Demonspawn Gladiator on Oct 8, 2014.
             Killed from afar by an orc wizard (7 damage)
             ... with a puff of flame
             ... on level 5 of the Dungeon.
             The game lasted 00:14:35 (3109 turns).

Foahim the Ducker (Demonspawn Gladiator)            Turns: 3109, Time: 00:14:35

Health: -4/46      AC:  6    Str: 16    XL:     6   Next: 9%
Magic:  6/6        EV: 13    Int:  9    God:
Gold:   284        SH:  0    Dex: 15    Spells: 0 memorised, 5 levels left

rFire  . . .     SeeInvis .     a - +0 long sword
rCold  + . .     Clarity  .     i - +0 ring mail
rNeg   . . .     SustAb   .     (no shield)
rPois  .         Gourm    .     (helmet restricted)
rElec  .         Spirit   .     s - +0 cloak
rCorr  .         Warding  .     (no gloves)
rMut   .         Stasis   .     (no boots)
MR     .....                    (no amulet)
Stlth  +.........               (no ring)
                                (no ring)

@: not resistant to hostile enchantments, very unstealthy
A: antennae 1, repulsion field 1, cold resistance 1, demonic guardian 1
a: no special abilities


You were on level 5 of the Dungeon.
You were not hungry.

You visited 1 branch of the dungeon, and saw 5 of its levels.

You collected 284 gold pieces.

Inventory:

Hand weapons
 a - a +0 long sword (weapon)
Armour
 i - a +0 ring mail (worn)
 s - a +0 cloak (worn)
Magical devices
 f - a wand of frost (18)
 l - a wand of slowing (1)
 q - a wand of lightning (0)
Comestibles
 d - 4 fruits
Scrolls
 c - a scroll of amnesia {unknown}
 g - 3 scrolls of teleportation {unknown}
 h - 3 scrolls of remove curse {unknown}
 j - 2 scrolls of recharging {unknown}
 k - a scroll of fog {unknown}
 m - a scroll of enchant weapon {unknown}
 n - 3 scrolls of identify {unknown}
 p - a scroll of enchant armour {unknown}
 t - 2 scrolls of immolation {unknown}
Jewellery
 e - an uncursed ring of see invisible {unknown}
Potions
 b - a potion of berserk rage {unknown}
 r - a potion of lignification {unknown}


   Skills:
 + Level 2.9 Fighting
 + Level 3.6 Long Blades
 + Level 2.1 Throwing
 + Level 2.2 Armour
 + Level 4.2 Dodging
 + Level 1.0 Stealth
 + Level 0.2 Evocations


You had 5 spell levels left.
You didn't know any spells.

Dungeon Overview and Level Annotations

Branches:
Dungeon (5/15)
 Temple: D:4-7

Altars:
Xom
Zin


Innate Abilities, Weirdness & Mutations

You have a pair of small antennae on your head.
You are surrounded by a mild repulsion field (EV +2).
Your flesh is cold resistant.
A weak demonic guardian rushes to your aid.


Message History

Your quasit closely misses something.
Your quasit misses something.
Your quasit completely misses something.
There is a stone staircase leading up here.
You hear some strange, mumbled words.
You are confused.
In your confused state, you trip and fall back down the stairs.
* * * LOW HITPOINT WARNING * * *
You see here a chain mail.
You feel less confused. Something hits you but does no damage.
You see here a chain mail.
Something hits you.
* * * LOW HITPOINT WARNING * * *
There is a stone staircase leading up here.
Your quasit closely misses something. x2
Your quasit claws something but does no damage.
Your quasit disappears in a puff of smoke!
You hear some strange, mumbled words.
The puff of flame hits you!
You die...

#####
#####..[########
##......<.........
........{.#######.
.#.#####ยง@........
# ##.#######. #.#
#.# #####.#
#)##........ #....#
#................#
..##.#..........
#.#####.#.#..


There were no monsters in sight!

Vanquished Creatures
  A phantom (D:4)
  An orc wizard (D:5)
  An orc priest (D:4)
  Ijyb (D:2)
  2 adders
  4 worms
  A giant gecko (D:3)
  3 oozes
  5 orcs
  3 bats
  2 giant cockroaches (D:1)
  16 hobgoblins
  4 jackals
  7 kobolds
  A quokka (D:3)
  2 ball pythons
  3 giant newts
  6 goblins
  A goblin skeleton (D:4)
  4 rats
68 creatures vanquished.

Vanquished Creatures (collateral kills)
  A scorpion (D:4)
  An iguana (D:4)
  Jessica (D:2)
  A giant mite (D:4)
  2 orcs (D:4)
  A hobgoblin (D:2)
7 creatures vanquished.

Vanquished Creatures (others)
  A quasit (D:4)
  3 iron imps
  A white imp (D:2)
  An ufetubus (D:4)
6 creatures vanquished.

Grand Total: 81 creatures vanquished

Notes
Turn   | Place    | Note
--------------------------------------------------------------
     0 | D:1      | Foahim, the Demonspawn Gladiator, began the quest for the Orb.
     0 | D:1      | Reached XP level 1. HP: 16/16 MP: 1/1
    69 | D:1      | Reached skill level 3 in Dodging
   143 | D:1      | Gained mutation: A weak demonic guardian rushes to your aid. [demonic ancestry]
   143 | D:1      | Reached XP level 2. HP: 12/22 MP: 2/2
   598 | D:2      | Noticed Ijyb
   625 | D:2      | Killed Ijyb
   625 | D:2      | Gained mutation: Your flesh is cold resistant. [demonic ancestry]
   625 | D:2      | Reached XP level 3. HP: 23/27 MP: 3/3
   626 | D:2      | Found a glowing silver altar of Zin.
   809 | D:2      | Noticed Jessica
   841 | D:2      | Killed Jessica
   841 | D:2      | Gained mutation: You have a pair of small antennae on your head. [demonic ancestry]
   841 | D:2      | Reached XP level 4. HP: 8/33 MP: 4/4
  1035 | D:2      | Found a shimmering altar of Xom.
  1051 | D:2      | Found a shimmering altar of Xom.
  1051 | D:2      | Found a shimmering altar of Xom.
  1052 | D:2      | Found a shimmering altar of Xom.
  2057 | D:4      | Noticed a phantom
  2123 | D:4      | Killed a phantom
  2123 | D:4      | Reached skill level 1 in Armour
  2123 | D:4      | Reached skill level 4 in Dodging
  2123 | D:4      | Reached XP level 5. HP: 5/39 MP: 5/5
  3055 | D:5      | Entered Level 5 of the Dungeon
  3080 | D:5      | Reached skill level 1 in Stealth
  3080 | D:5      | Gained mutation: You are surrounded by a mild repulsion field (EV +2). [demonic ancestry]
  3080 | D:5      | Reached XP level 6. HP: 19/46 MP: 6/6
  3109 | D:5      | Killed from afar by an orc wizard

Action                   |  1- 3 |  4- 6 || total
-------------------------+-------+-------++-------
Melee: Long sword        |   104 |   188 ||   292
Throw: Throwing net      |     5 |    11 ||    16
Evoke: Wand              |       |     1 ||     1
  Use: Potion            |       |     3 ||     3
 Stab: Held in net/web   |       |     3 ||     3
       Distracted        |       |     1 ||     1
  Eat: Bread ration      |       |     1 ||     1
       Meat ration       |       |     1 ||     1
